 Dungeon Crawl Stone Soup version 0.29.0-10-g45618ea6d2 (webtiles) character file.

Game seed: 11877933636335636818

46 Arum the Ducker (level 3, -5/28 HPs)
             Began as a Demonspawn Gladiator on Sept 1, 2022.
             Was a Plaything of Xom.
             Slain by Terence
             ... wielding a +0 hand axe
              (8 damage)
             ... on level 3 of the Dungeon.
             The game lasted 00:02:49 (1897 turns).

Arum the Ducker (Demonspawn Gladiator)              Turns: 1897, Time: 00:02:50

Health: -5/28      AC:  6    Str: 16    XL:     3   Next: 46%
Magic:  3/3        EV: 12    Int:  9    God:    Xom [..*...]
Gold:   33         SH:  0    Dex: 14    Spells: 2/2 levels left

rFire   . . .      SeeInvis .     - Unarmed
rCold   . . .      Faith    .   g - orb {light}
rNeg    . . .      Spirit   .   a - +0 leather armour
rPois   .          Reflect  .   b - +0 helmet
rElec   .          Harm     .   (no cloak)
rCorr   .          Rampage  .   (no gloves)
Will    .....                   (no boots)
Stlth   +.........              (no amulet)
HPRegen 0.09/turn               (no ring)
MPRegen 0.08/turn               (no ring)

@: glowing
A: slimy green scales 1
a: Renounce Religion


You were on level 3 of the Dungeon.
You worshipped Xom.
You were a toy of Xom.
You visited 1 branch of the dungeon, and saw 3 of its levels.

You collected 69 gold pieces.
You spent 36 gold pieces at shops.

Inventory:

Missiles
 c - 3 throwing nets (quivered)
 d - a javelin
Armour
 a - a +0 leather armour (worn)
 b - a +0 helmet (worn)
 g - an orb of light (worn)
 n - a +0 pair of boots
Jewellery
 l - a +6 ring of intelligence
Scrolls
 e - 3 scrolls of immolation {unknown}
 f - 2 scrolls of vulnerability {unknown}
 i - a scroll of teleportation {unknown}
 j - 3 scrolls of identify {unknown}
 p - a scroll of magic mapping {unknown}
Potions
 h - 2 potions of haste {unknown}
 k - a potion of curing
 m - a potion of lignification {unknown}
 o - a potion of brilliance {unknown}


   Skills:
 + Level 2.7 Fighting
 - Level 1.7 Throwing
 + Level 3.2 Dodging
 + Level 3.2 Unarmed Combat


You had 2 spell levels left.
You didn't know any spells.
Your spell library contained the following spells:

 Spells                   Type           Power      Damage    Failure   Level
 Ensorcelled Hibernation  Hex/Ice        0%         N/A       58%         2
 Dazzling Flash           Conj/Hex       0%         N/A       83%         3
 Spider Form              Tmut/Pois      0%         N/A       83%         3
 Anguish                  Hex/Necr       0%         N/A       99%         4
 Agony                    Necr           0%         N/A       100%        5
 Silence                  Hex/Air        0%         N/A       100%        5


Dungeon Overview and Level Annotations

Branches:
Dungeon (3/15)

Altars:
Xom

Shops:
D:1 !   D:2 *

Annotations:
D:3 Terence


Innate Abilities, Weirdness & Mutations

You are partially covered in slimy green scales. (AC +2)


Message History

You are too injured to fight recklessly!
You are too injured to fight recklessly!
You are too injured to fight recklessly!
You are too injured to fight recklessly!
You are too injured to fight recklessly!
You are too injured to fight recklessly!
You are too injured to fight recklessly!
You are too injured to fight recklessly!
You are too injured to fight recklessly!
You hit Terence but do no damage.
Terence is heavily wounded.
Terence barely misses you.
You hit Terence but do no damage.
Terence is heavily wounded.
Terence hits you with a +0 hand axe.
You hit Terence.
Terence is heavily wounded.
Terence misses you.
You hit Terence but do no damage.
Terence is heavily wounded.
Terence barely misses you.
You hit Terence but do no damage.
Terence is heavily wounded.
Terence hits you with a +0 hand axe.
* * * LOW HITPOINT WARNING * * *
You hit Terence.
Terence is severely wounded.
Terence hits you with a +0 hand axe.
* * * LOW HITPOINT WARNING * * *
You barely miss Terence.
Terence is severely wounded.
Terence hits you with a +0 hand axe.
* * * LOW HITPOINT WARNING * * *
You hit Terence but do no damage.
Terence is severely wounded.
You hit Terence.
Terence is almost dead.
Terence screams, "I want your blood!" Terence hits you with a +0 hand axe!
You die...

#.........####.....<#
#.......## ##.#####
##.....#######.#
##..........#.#
##..######.#.# #..#
#.# #..# .. ##..###.#
#@<.......
#@....##.##
......$...#
....##.###### .!....
#.# ...... #.# .....
#.# #...# .#


You could see Terence.

Vanquished Creatures
  2 dart slugs
  5 endoplasms
  A giant cockroach (D:2)
  2 goblins
  4 hobgoblins
  3 jackals (D:1)
  4 quokkas
  2 ball pythons (D:1)
  4 bats
  3 frilled lizards
  4 kobolds
  3 rats
37 creatures vanquished.

Notes
Turn   | Place    | Note
-------+----------+-------------------------------------------
     0 | D:1      | Arum the Demonspawn Gladiator began the quest for the Orb.
     0 | D:1      | Reached XP level 1. HP: 16/16 MP: 1/1
   239 | D:1      | Gained mutation: You are partially covered in slimy green
                  | scales. (AC +2) [demonic ancestry]
   239 | D:1      | Reached XP level 2. HP: 22/22 MP: 2/2
  1075 | D:1      | Found Neliatom's Distillery.
  1084 | D:1      | Bought a potion of curing for 36 gold pieces
  1210 | D:2      | Reached XP level 3. HP: 28/28 MP: 3/3
  1460 | D:2      | Found a faded altar of an unknown god.
  1472 | D:2      | Prayed at the altar of an unknown god.
  1472 | D:2      | Became a worshipper of Xom of Chaos
  1524 | D:2      | Found Failaamirgh's Assorted Antiques.
  1873 | D:3      | Noticed Terence
  1897 | D:3      | Slain by Terence

Illustrated notes

Levels and vault maps discovered:
D:1:      lemuel_arrival_rhombus, layout_loops_ring, serial_shops, shop
D:2:      layout_basic, chequers_ecumenical_altar_island, serial_shops, shop
D:3:      layout_loops_corners, chequers_temple_overflow_minitemple,
          minmay_crystal_water, uniq_terence, uniq_grinder

Skill      XL: |  1  2 |
---------------+-------+-----
Dodging        | 3 |  3.2
Unarmed Combat | 3 |  3.2
Fighting       | |  2.7
Throwing       | |  1.7

Action                   || total
-------------------------++-------
Melee: Unarmed           ||   166
       Punch             ||     1
Armor: Leather armour    ||    60
Dodge: Dodged            ||    89
